Map: [ESL] Waterfall

Players

夜蝶蝶蝶蝶蝶蝶蝶 (Firefly)

  • Race: Protoss Protoss

iGCoffeeMs (Coffee) - Winner!

  • Race: Terran Terran
  • League: Master

Event: DreamHack SC2 Masters 2022 Atlanta (Online)

VOD

Have the link to the VOD?

Description

Time

  • Played on: Oct. 6, 2022, 7:09 a.m.
  • Length: 8:03

All games in this series

Show
View Real Time Build Order
Export as new Build Order

夜蝶蝶蝶蝶蝶蝶蝶 Protoss 

Build Orders: 1 Gate Expand, Blink Stalkers, Colossus Rush 

Get SALT Encoding   

  12  0:00  Probe  
  13  0:12  Probe  
  14  0:16  Pylon  
  14  0:24  Probe  
  15  0:34  Gateway  
  15  0:38  Probe (Chrono Boost)  
  16  0:47  Probe (Chrono Boost), Assimilator  
  17  0:52  Probe (Chrono Boost)  
  18  1:04  Probe  
  19  1:16  Probe  
  20  1:23  Cybernetics Core  
  20  1:35  Nexus  
  20  1:42  Pylon  
  20  1:44  Probe  
  21  1:52  Assimilator  
  21  1:56  Probe  
  21  1:57  Adept (Chrono Boost)  
  24  2:02  Warp Gate  
  25  2:08  Probe  
  25  2:14  Shield Battery  
  25  2:20  Probe  
  26  2:27  Twilight Council  
  26  2:32  Probe  
  27  2:39  Stalker  
  29  2:44  Probe  
  29  2:46  Probe  
  31  2:54  Blink (Chrono Boost)  
  31  2:56  Probe  
  32  2:58  Probe  
  33  3:09  Probe  
  33  3:11  Probe  
  35  3:13  Gateway  
  35  3:19  Stalker  
  37  3:21  Probe  
  37  3:25  Probe  
  39  3:33  Probe  
  40  3:37  Probe  
  41  3:45  Probe  
  40  3:49  Probe  
  40  3:51  Robotics Facility  
  41  3:57  Probe  
  41  4:01  Probe, Pylon  
  43  4:09  Nexus  
  44  4:10  Probe  
  44  4:13  Probe, Pylon  
  45  4:20  Stalker  
  45  4:22  Probe, Stalker  
  50  4:25  Probe  
  51  4:34  Probe  
  51  4:36  Assimilator  
  51  4:37  Probe  
  54  4:38  Observer (Chrono Boost), Assimilator  
  54  4:43  Stalker  
  56  4:45  Stalker  
  56  4:47  Probe  
  56  4:50  Probe  
  56  4:51  Observer (Chrono Boost)  
  61  4:59  Probe  
  62  5:09  Robotics Bay  
  62  5:13  Forge  
  62  5:15  Pylon  
  62  5:20  Probe x2  
  64  5:24  Probe  
  64  5:27  Shield Battery  
  64  5:30  Shield Battery  
  64  5:35  Probe x2  
  66  5:37  Probe, Gateway x2  
  67  5:47  Probe x2  
  67  5:52  Protoss Ground Weapons Level 1  
  67  5:54  Colossus (Chrono Boost)  
  67  5:55  Probe  
  51  5:57  Extended Thermal Lance  
  68  5:59  Probe  
  68  6:00  Gateway  
  68  6:01  Charge (Chrono Boost), Gateway  
  75  6:07  Stalker  
  75  6:08  Probe  
  75  6:09  Probe  
  79  6:13  Sentry  
  79  6:17  Shield Battery  
  79  6:18  Gateway  
  79  6:23  Gateway  
  79  6:31  Sentry  
  79  6:32  Sentry  
  83  6:34  Stalker  
  83  6:37  Pylon  
  74  6:48  Stalker  
  73  6:59  Stalker x4  
  73  7:01  Stalker  
  63  7:12  Zealot  
  61  7:17  Zealot x2  
  61  7:22  Zealot x4  
  79  7:27  Pylon  
  79  7:28  Shield Battery  
  79  7:29  Stalker  
  70  7:39  Zealot x2  
  66  7:48  Stalker x3  
  66  7:49  Stalker  
  70  7:52  Zealot  
  70  7:54  Pylon  
  70  7:55  Zealot  
Show
View Real Time Build Order
Export as new Build Order

iGCoffeeMs Terran - Winner!

Build Orders: Reaper Expand 

Get SALT Encoding   

  12  0:00  SCV  
  13  0:12  SCV  
  14  0:17  Supply Depot  
  14  0:24  SCV  
  15  0:39  SCV  
  15  0:40  Barracks  
  16  0:43  Refinery  
  16  0:51  SCV  
  17  1:03  SCV  
  18  1:15  SCV  
  19  1:27  Reaper, Orbital Command  
  20  1:45  Command Center  
  20  1:56  SCV  
  20  1:58  Supply Depot  
  20  2:00  Marine  
  22  2:08  SCV  
  23  2:13  Factory  
  23  2:23  Barracks Reactor  
  23  2:24  SCV  
  23  2:26  Bunker  
  23  2:29  Refinery  
  24  2:36  SCV  
  25  2:48  SCV  
  26  2:57  Hellion, Starport  
  28  2:59  Orbital Command  
  28  3:01  SCV  
  29  3:06  Marine x2  
  31  3:13  SCV  
  31  3:18  Factory Tech Lab  
  32  3:24  Marine x2  
  32  3:25  Supply Depot, SCV  
  32  3:26  SCV  
  36  3:37  SCV  
  36  3:38  SCV  
  35  3:49  Marine x2  
  35  3:50  SCV x2  
  35  3:54  Raven  
  41  3:58  Barracks  
  41  4:02  Barracks  
  41  4:03  SCV x2  
  41  4:06  Factory Tech Lab  
  41  4:07  Engineering Bay  
  43  4:10  Supply Depot  
  43  4:11  Marine  
  43  4:12  Marine  
  43  4:15  Refinery  
  43  4:16  SCV  
  46  4:17  SCV  
  47  4:28  SCV  
  47  4:29  SCV, Marine x2  
  51  4:33  Terran Infantry Weapons Level 1  
  51  4:34  Supply Depot  
  51  4:40  SCV  
  51  4:42  SCV  
  51  4:45  Factory Reactor  
  53  4:46  Starport Reactor  
  53  4:48  Marine x2  
  53  4:52  SCV  
  56  4:53  Supply Depot, Stimpack  
  56  4:54  SCV  
  56  4:58  Combat Shield, Marine x2  
  59  5:02  Supply Depot  
  59  5:04  SCV  
  59  5:06  SCV  
  61  5:07  Marine  
  61  5:08  Marine  
  63  5:17  Marauder x2  
  67  5:21  Refinery, SCV x2  
  67  5:25  Medivac x2, Marine x2  
  75  5:33  Supply Depot  
  75  5:37  Widow Mine x2  
  75  5:38  Marauder x2  
  75  5:39  SCV x2  
  84  5:53  Marine  
  84  5:54  Marine  
  86  5:58  SCV  
  86  5:59  SCV, Marauder  
  86  6:00  Marauder  
  92  6:09  Medivac  
  94  6:15  Supply Depot, Marine  
  94  6:17  Medivac, Marine  
  99  6:18  Concussive Shells, Widow Mine  
  99  6:19  Widow Mine  
  101  6:27  SCV  
  102  6:35  Command Center  
  102  6:37  SCV, Marauder x2  
  99  6:50  Marine x2  
  101  6:58  Marauder x2  
  98  7:04  Widow Mine x2  
  98  7:08  SCV, Marine  
  99  7:09  Marine  
  99  7:11  Medivac x2  
  99  7:14  SCV  
  99  7:20  Marauder x2  
  103  7:24  Barracks  
  103  7:25  Barracks  
  103  7:26  SCV, Marine  
  103  7:27  Marine  
  103  7:29  Widow Mine  
  103  7:39  SCV x2  
  103  7:41  Marauder x2  
Tags
 
Add a new tag
Caveats
  • Supply blocks, unpowered buildings, or Contaminate may cause inaccurate times.
  • Supply counts are checked every 10 seconds.